 Dungeon Crawl Stone Soup version 0.31-a0-263-ge8cad7f256 (webtiles) character file.

Game seed: 3860987772478271531

72 qw the Shooter (level 4, 0/36 HPs)
             Began as a Minotaur Hexslinger on July 13, 2023.
             Slain by a phantom (7 damage)
             ... on level 3 of the Dungeon.
             The game lasted 00:00:39 (1336 turns).

qw the Shooter (Minotaur Hexslinger)                Turns: 1336, Time: 00:00:39

Health: 0/36       AC:  5    Str: 12    XL:     4   Next: 6%
Magic:  4/4        EV: 11    Int: 10    God:
Gold:   53         SH:  0    Dex: 15    Spells: 4/5 levels left

rFire   . . .        Y - +2 sling
rCold   . . .        (no shield)
rNeg    . . .        k - +0 ring mail
rPois   .            (helmet restricted)
rElec   .            (no cloak)
rCorr   .            (no gloves)
SInv    .            (no boots)
Will    .....        (no amulet)
Stlth   +            (no ring)
HPRegen 0.26/turn    (no ring)
MPRegen 0.09/turn

%: no passive effects
@: no status effects
A: horns 2, retaliatory headbutt
a: no special abilities


You were on level 3 of the Dungeon.
You visited 1 branch of the dungeon, and saw 4 of its levels.

You collected 53 gold pieces.


Innate Abilities, Weirdness & Mutations

You have a pair of horns on your head.
You reflexively headbutt those who attack you in melee.


   Skills:
 - Level 2.0 Fighting
 - Level 4.6 Ranged Weapons
 + Level 0.0 Armour
 - Level 2.1 Dodging
 - Level 1.0 Spellcasting
 - Level 2.0 Hexes


You had 4 spell levels left.
You knew the following spells:

 Your Spells              Type           Power      Damage    Failure   Level
a - Slow                  Hex            16%        N/A       34%         1

Your spell library contained the following spells:

 Spells                   Type           Power      Damage    Failure   Level
 Inner Flame              Hex/Fire       2%         N/A       83%         3
 Portal Projectile        Hex/Tloc       4%         N/A       83%         3
 Cause Fear               Hex            2%         N/A       98%         4

Inventory:

Hand Weapons
 Y - a +2 sling (weapon)
Armour
 k - a +0 ring mail (worn)
Scrolls
 e - a scroll of identify
Potions
 a - 2 potions of curing
 f - a potion of cancellation
 g - a potion of mutation

Dungeon Overview and Level Annotations

Branches:
Dungeon (4/15)             Temple (0/1) D:4

Altars:

Shops:
D:2 :


Message History

There is an entrance to a sewer on this level.
Hurry and find it before the portal rusts away!
You hear the rusting of a drain very nearby.
The worm completely misses you. x2
There is a stone staircase leading up here.
There are monsters nearby!
You shoot a sling bullet. The sling bullet hits the worm.
The worm is lightly wounded.
The worm misses you. The worm barely misses you.
You shoot a sling bullet.
The sling bullet barely misses the worm.
The worm barely misses you. The worm bites you but does no damage.
You shoot a sling bullet.
The sling bullet hits the phantom but does no damage.
The phantom hits you. The worm bites you.
1330 ||| STAIRDANCE The phantom hits you.
The worm bites you but does no damage.
You climb upwards.
There is a stone staircase leading down here.
Things that are here:
a potion of brilliance; a +0 leather armour; a +0 robe You shoot a sling bullet.
The sling bullet hits the phantom.
The phantom is lightly damaged.
The phantom hits you but does no damage.
The worm closely misses you.
You shoot a sling bullet.
The sling bullet barely misses the phantom.
The sling bullet hits the worm!
The worm is moderately wounded.
The phantom hits you but does no damage.
The phantom hits you. The worm bites you.
You shoot a sling bullet. The sling bullet misses the phantom.
The sling bullet hits the worm!
The worm is almost dead.
The phantom hits you.
The phantom blinks!
You blink.
You shoot a sling bullet.
The sling bullet closely misses the phantom.
The phantom closely misses you. The worm bites you!
You shoot a sling bullet. The sling bullet misses the phantom.
The phantom hits you!
You die...

###
..#.########.....
...)..W@w>w......
#.#.########.....
... .


You could see a phantom and 2 worms.

Vanquished Creatures
  2 adders (D:4)
  A dart slug (D:4)
  3 bats (D:1)
  6 endoplasms
  5 giant cockroaches
  7 goblins
  5 hobgoblins (D:1)
  3 kobolds
  2 quokkas
  6 ball pythons
  4 frilled lizards
  4 rats
48 creatures vanquished.

Notes
Turn   | Place    | Note
-------+----------+-------------------------------------------
     0 | D:1      | qw the Minotaur Hexslinger began the quest for the Orb.
     0 | D:1      | Reached XP level 1. HP: 16/16 MP: 1/1
     0 | D:1      | 0 ||| qw: Version: 0.3-a-52-g30416fa
     0 | D:1      | 0 ||| qw: Game counter: 7231
     0 | D:1      | 0 ||| qw: Melee chars always use a shield: true
     0 | D:1      | 0 ||| qw: God list: Okawaru
     0 | D:1      | 0 ||| qw: Allow faded altars: false
     0 | D:1      | 0 ||| qw: Do Orc after clearing Dungeon:15 true
     0 | D:1      | 0 ||| qw: Do second Lair branch before Depths: true
     0 | D:1      | 0 ||| qw: Lair rune preference: random
     0 | D:1      | 0 ||| qw: Goals: Normal
     0 | D:1      | 0 ||| PLANNING D:1-11
   156 | D:1      | Reached skill level 3 in Ranged Weapons
   156 | D:1      | Reached XP level 2. HP: 15/23 MP: 2/2
   405 | D:1      | Reached XP level 3. HP: 22/29 MP: 3/3
   426 | D:1      | 426 ||| FLEEEEING.
   763 | D:1      | 763 ||| READING scroll labelled MAUTU NETIG.
   764 | D:1      | 764 ||| READING 3 scrolls labelled AMAT PEAFAOT.
   765 | D:1      | 765 ||| DRINKING 2 bubbling inky potions.
   766 | D:1      | 766 ||| READING 2 scrolls of identify.
   766 | D:1      | 766 ||| IDENTIFYING pink potion
   767 | D:1      | 767 ||| DROPPING scroll of poison.
   783 | D:2      | Found Kuzofess's Book Emporium.
  1000 | D:2      | 1000 ||| FLEEEEING.
  1001 | D:2      | 1001 ||| FLEEEEING.
  1002 | D:2      | 1002 ||| FLEEEEING.
  1003 | D:2      | 1003 ||| FLEEEEING.
  1004 | D:2      | 1004 ||| FLEEEEING.
  1005 | D:2      | 1005 ||| FLEEEEING.
  1006 | D:2      | 1006 ||| FLEEEEING.
  1007 | D:2      | 1007 ||| FLEEEEING.
  1040 | D:2      | Reached skill level 4 in Ranged Weapons
  1114 | D:2      | You fall into a shaft and drop 2 floors!
  1120 | D:4      | 1120 ||| PLANNING SEWER
  1194 | D:4      | Found a staircase to the Ecumenical Temple.
  1262 | D:4      | Reached XP level 4. HP: 27/36 MP: 4/4
  1263 | D:4      | 1263 ||| FLEEEEING.
  1263 | D:4      | Noticed a phantom
  1264 | D:4      | 1264 ||| STAIRDANCE
  1297 | D:3      | 1297 ||| UPGRADING to +0 leather armour.
  1307 | D:3      | 1307 ||| DROPPING +0 robe.
  1308 | D:3      | 1308 ||| UPGRADING to +0 ring mail.
  1318 | D:3      | 1318 ||| DROPPING +0 leather armour.
  1319 | D:3      | 1319 ||| READING scroll labelled MYWUAM GEEC.
  1320 | D:3      | 1320 ||| READING scroll labelled IHECLI WAKONIV.
  1321 | D:3      | 1321 ||| READING scroll labelled OSALUO AMPA.
  1322 | D:3      | 1322 ||| DRINKING 3 golden potions.
  1323 | D:3      | 1323 ||| READING 2 scrolls of identify.
  1323 | D:3      | 1323 ||| IDENTIFYING metallic purple potion
  1324 | D:3      | 1324 ||| DROPPING potion of brilliance.
  1330 | D:4      | 1330 ||| STAIRDANCE
  1335 | D:3      | HP: 7/36 [worm (9)]
  1336 | D:3      | Slain by a phantom

Levels and vault maps discovered:
D:1:      shiori_arrival_maze, layout_loops_cross, hangedman_decor_growths,
          minmay_misc_feat_chi
D:2:      kennysheep_big_flooded_room, layout_loops_corners, serial_shops, shop,
          minmay_between, uniq_terence
D:3:      layout_basic, serial_bayou_crossing
D:4:      layout_basic, minmay_temple_entry_overgrown, portal_sewer_entry_a,
          minmay_misc_feat_more_columns, minmay_statues_item

Skill      XL: |  1  2  3 |
---------------+----------+-----
Ranged Weapons | 3 4 |  4.6
Fighting       | 2 |  2.0
Dodging        | |  2.1
Spellcasting   | |  1.0
Hexes          | |  2.0

Action                     |  1- 3 |  4- 6 || total
---------------------------+-------+-------++-------
   Fire: Sling             |   137 |    10 ||   147
    Use: Scroll            |     3 |     4 ||     7
         Potion            |     1 |     1 ||     2
 Armour: Robe              |     8 |       ||     8
         Ring mail         |       |     4 ||     4
  Dodge: Dodged            |    40 |     7 ||    47

Table legend:
 A = Non-vault XP
 B = Vault XP
 C = Vault XP percentage of total XP
 D = Non-vault monster count
 E = Vault monster count
 F = Vault count percentage of total count
                 A         B        C        D         E       F
            +---------+---------+-------+---------+---------+-------
      Total |      92 |      11 |  10.7 |      41 |       7 |  14.6
            +---------+---------+-------+---------+---------+-------
        D:1 |      45 |       4 |   8.2 |      27 |       2 |   6.9
        D:2 |       9 |       3 |  25.0 |       6 |       2 |  25.0
        D:3 |       1 |       0 |   0.0 |       1 |       0 |   0.0
        D:4 |      37 |       4 |   9.8 |       7 |       3 |  30.0
            +---------+---------+-------+---------+---------+-------
